 Dungeon Crawl Stone Soup version 0.31-a0-435-g2c6fae2916 (webtiles) character file.

Game seed: 7930639262199067310

52 arthad the Vexing (level 3, -7/30 HPs)
             Began as a Gnoll Wanderer on Aug 1, 2023.
             Killed by nerve-wracking pain
             ... invoked by Grinder
              (13 damage)
             ... while paralysed by Grinder
             ... on level 3 of the Dungeon.
             The game lasted 00:05:13 (1843 turns).

arthad the Vexing (Gnoll Wanderer)                  Turns: 1843, Time: 00:05:14

Health: -7/30      AC:  5    Str: 11    XL:     3   Next: 85%
Magic:  5/7        EV:  2    Int: 10    God:
Gold:   74         SH:  0    Dex: 14    Spells: 0/7 levels left

rFire   + . .        a - +0 falchion
rCold   + + .        (no shield)
rNeg    . . .        d - +0 robe
rPois   +            (no helmet)
rElec   +            (no cloak)
rCorr   +            (no gloves)
SInv    .            i - +0 pair of boots {rampage}
Will    .....        (no amulet)
Stlth   ++           f - ring of wizardry
HPRegen 0.25/turn    (no ring)
MPRegen 0.10/turn

%: rampage, wizardry (x1)
@: paralysed, brilliant, resistant, unable to drink
A: fangs 1, strong nose, distributed training, iridescent scales 1, cold
resistance 1, robust 1, inability to drink after injury 1
a: no special abilities


You were on level 3 of the Dungeon.
You visited 1 branch of the dungeon, and saw 3 of its levels.

You collected 74 gold pieces.

Inventory:

Hand Weapons
 a - a +0 falchion (weapon)
Armour
 b - a +0 pair of boots
 d - a +0 robe (worn)
 i - a +0 pair of boots of rampaging (worn)
Magical Staves
 e - a staff of earth
Jewellery
 f - a ring of wizardry (left hand)
 l - a ring of fire
Scrolls
 c - 3 scrolls of fear
 g - a scroll of noise {unknown}
 j - 2 scrolls of immolation {unknown}
 m - a scroll of enchant armour {unknown}
 q - a scroll of summoning {unknown}
 r - 2 scrolls of blinking {unknown}
 s - a scroll of identify {unknown}


   Skills:
 + Level 2.6 Fighting
 + Level 1.0 Short Blades
 + Level 4.6 Long Blades
 + Level 1.0 Axes
 + Level 1.0 Maces & Flails
 + Level 1.0 Polearms
 + Level 1.0 Staves
 + Level 1.0 Ranged Weapons
 + Level 4.6 Throwing
 + Level 1.0 Armour
 + Level 1.0 Dodging
 + Level 2.4 Stealth
 + Level 1.0 Shields
 + Level 1.0 Unarmed Combat
 + Level 2.9 Spellcasting
 + Level 0.7 Conjurations
 + Level 5.4 Hexes
 + Level 0.7 Summonings
 + Level 0.7 Necromancy
 + Level 0.7 Translocations
 + Level 0.7 Transmutations
 + Level 0.7 Fire Magic
 + Level 0.7 Ice Magic
 + Level 0.7 Air Magic
 + Level 0.7 Earth Magic
 + Level 0.7 Poison Magic
 + Level 1.0 Invocations
 + Level 1.0 Evocations
 + Level 0.7 Shapeshifting


You couldn't memorise any spells.
You knew the following spells:

 Your Spells              Type           Power      Damage    Failure   Level
a - Slow                  Hex            72%        N/A       1%          1
b - Tukima's Dance        Hex            18%        N/A       3%          3
c - Vhi's Electric Charg  Tloc/Air       8%         N/A       26%         3

Your spell library contained the following spells:

 Spells                   Type           Power      Damage    Failure   Level
 Leda's Liquefaction      Hex/Erth       5%         N/A       32%         4
 Arcjolt                  Conj/Air       2%         1d12      90%         5
 Maxwell's Capacitive Co  Air            2%         ∞         100%        8


Dungeon Overview and Level Annotations

Branches:
Dungeon (3/15)

Altars:
Dithmenos

Annotations:
D:3 Grinder


Innate Abilities, Weirdness & Mutations

You have very sharp teeth.
Your uncanny sense of smell can sniff out nearby items.
Your experience applies equally to all skills.
You are partially covered in iridescent scales. (AC +2)
Your flesh is cold resistant. (rC+)
You are robust. (+10% HP)
You occasionally lose the ability to drink potions when taking damage.


Message History

Aim: Grinder (not susceptible)
Okay, then.
It was a potion of lignification.
You turn into a tree.
Your +0 pair of boots of rampaging melds into your body.
Your +0 robe melds into your body.
You no longer feel able to rampage towards enemies.
Your roots penetrate the ground.
Grinder hits you but does no damage.
It was a potion of cancellation.
Your magical effects are unravelling.
You feel magically purged.
You feel less wooden.
Your +0 pair of boots of rampaging unmelds from your body.
Your +0 robe unmelds from your body.
You feel ready to rampage towards enemies.
Grinder hits you!
You writhe in agony.
* * * LOW HITPOINT WARNING * * *
It was a potion of heal wounds.
You feel much better. Grinder hits you.
You writhe in agony.
It was a potion of mutation.
You feel extremely strange.
You occasionally lose the ability to drink potions when taking damage.
Iridescent scales grow over part of your body.
You feel robust.
You feel resistant to cold. Grinder hits you.
You writhe in agony.
It was a potion of resistance.
You feel protected. Grinder gestures at you. Pain shoots through your body!
* * * LOW HITPOINT WARNING * * *
A goblin comes into view. It is wielding a +0 dagger.
It was a potion of brilliance.
You feel clever all of a sudden.
A quokka comes into view.
Grinder gestures at you.
You suddenly lose the ability to move!
Grinder hits you but does no damage.
The goblin shouts!
Grinder gestures at you. Pain shoots through your body!
You feel threatened and lose the ability to drink potions!
You die...

..# #.#####
####
#.....#.# .#
#####.#.# .#
#.#.# .#
#<#.# .#
#.#.# .#
#.#.# .#
#.#.##.##..#.
#....@5.gr...
#...######.#.
#...# #....
#..### #..#
#..# #...


You could see Grinder, a quokka and a goblin.

Vanquished Creatures
  An adder (D:2)
  2 dart slugs
  3 orcs (D:2)
  5 bats
  3 endoplasms (D:1)
  2 giant cockroaches (D:1)
  3 goblins
  2 hobgoblins (D:1)
  6 ball pythons
  3 frilled lizards
  A kobold (D:1)
  3 rats
34 creatures vanquished.

Notes
Turn   | Place    | Note
-------+----------+-------------------------------------------
     0 | D:1      | arthad the Gnoll Wanderer began the quest for the Orb.
     0 | D:1      | arthad set off with the following items: a +0 falchion, a
                  | +0 pair of boots, a scroll of fear, a +0 robe; and the
                  | following spell memorised: Slow; and the following spells
                  | available to memorise: Tukima's Dance, Leda's Liquefaction.
     0 | D:1      | Reached XP level 1. HP: 17/17 MP: 4/4
   235 | D:1      | Reached XP level 2. HP: 21/23 MP: 2/5
   807 | D:2      | Found a shadowy altar of Dithmenos.
   818 | D:2      | Reached XP level 3. HP: 27/28 MP: 5/7
   927 | D:2      | Reached skill level 1 in Invocations
  1287 | D:2      | Reached skill level 1 in Short Blades
  1287 | D:2      | Reached skill level 1 in Axes
  1287 | D:2      | Reached skill level 1 in Maces & Flails
  1287 | D:2      | Reached skill level 1 in Polearms
  1287 | D:2      | Reached skill level 1 in Staves
  1287 | D:2      | Reached skill level 1 in Ranged Weapons
  1287 | D:2      | Reached skill level 1 in Armour
  1287 | D:2      | Reached skill level 1 in Dodging
  1287 | D:2      | Reached skill level 1 in Shields
  1287 | D:2      | Reached skill level 1 in Unarmed Combat
  1287 | D:2      | Reached skill level 1 in Evocations
  1452 | D:2      | Found a faded altar of an unknown god.
  1812 | D:3      | Noticed Grinder
  1826 | D:3      | Learned a level 3 spell: Tukima's Dance
  1830 | D:3      | Learned a level 3 spell: Vhi's Electric Charge
  1839 | D:3      | Gained mutation: You occasionally lose the ability to drink
                  | potions when taking damage. [potion of mutation]
  1839 | D:3      | Gained mutation: You are partially covered in iridescent
                  | scales. (AC +2) [potion of mutation]
  1839 | D:3      | Gained mutation: You are robust. (+10% HP) [potion of
                  | mutation]
  1839 | D:3      | Gained mutation: Your flesh is cold resistant. (rC+)
                  | [potion of mutation]
  1841 | D:3      | Paralysed by Grinder for 5 turns
  1843 | D:3      | Killed from afar by Grinder

Illustrated notes

Levels and vault maps discovered:
D:1:      elethiomel_arrival_shortcut, layout_rooms, minmay_crystal_room,
          hangedman_decor_riveting, ebering_dispersal_statue_hall,
          serial_bayou_lagoon_b
D:2:      layout_loops_cross, serial_co_window_serial, co_window_paths_b,
          co_window_of_opportunity_a, co_window_paths_a, co_window_paths_a,
          co_window_of_opportunity_a, co_window_of_opportunity_b,
          co_window_paths_c, co_window_of_opportunity_b, co_window_paths_c,
          co_window_unsneaky_path_a, co_window_sun, glass_columns_b,
          glass_columns_c, basic_altar, ebering_ecumenical_altar_abandoned,
          minmay_misc_feat_four_crosses, grunt_decor_cap
D:3:      layout_loops_ring, gammafunk_temple_overflow_claw, st_stairs_3,
          uniq_natasha, uniq_grinder

Skill      XL: |  1  2  3 |
---------------+----------+-----
Invocations    | 1 |  1.0
Short Blades   | 1 |  1.0
Axes           | 1 |  1.0
Maces & Flails | 1 |  1.0
Polearms       | 1 |  1.0
Staves         | 1 |  1.0
Ranged Weapons | 1 |  1.0
Armour         | 1 |  1.0
Dodging        | 1 |  1.0
Shields        | 1 |  1.0
Unarmed Combat | 1 |  1.0
Evocations     | 1 |  1.0
Fighting       | |  2.6
Long Blades    | |  4.6
Throwing       | |  4.6
Stealth        | |  2.4
Spellcasting   | |  2.9
Conjurations   | |  0.7
Hexes          | |  5.4
Summonings     | |  0.7
Necromancy     | |  0.7
Translocations | |  0.7
Transmutations | |  0.7
Fire Magic     | |  0.7
Ice Magic      | |  0.7
Air Magic      | |  0.7
Earth Magic    | |  0.7
Poison Magic   | |  0.7
Shapeshifting  | |  0.7

Action                     || total
---------------------------++-------
  Melee: Falchion          ||    97
         Bite              ||     7
   Cast: Slow              ||    23
         Vhi's Electric Ch ||     1
    Use: Potion            ||     6
   Stab: Sleeping          ||     6
 Armour: Robe              ||    31
         Skin              ||     1
  Dodge: Dodged            ||    59

Table legend: (Time is in decaauts)
 A = Elapsed time spent in this place.
 B = Non-inter-level travel time spent in this place.
 C = Inter-level travel time spent in this place.
 D = Time resting spent in this place.
 E = Time spent auto-exploring this place.
 F = Levels seen in this place.
 G = Mean time per level.
                   A        B        C        D        E       F      G
               +--------+--------+--------+--------+--------+-----+--------+
         Total |   1862 |   1795 |     67 |      0 |   1505 |   3 |  620.7 |
       Dungeon |   1862 |   1795 |     67 |      0 |   1505 |   3 |  620.7 |
               +--------+--------+--------+--------+--------+-----+--------+

Top non-repeatable levels by time:
     D:2: 1068 daAuts
     D:1: 729 daAuts
     D:3: 65 daAuts
